 Dungeon Sprint DCSS version 0.28-a0-1387-g3a22ab9bdc (webtiles) character file.

Game seed: 1262661539027844458

60 greenreed the Chiller (level 4, -1/34 HPs)
             Began as a Gnoll Ice Elementalist on Jan 2, 2022.
             Slain by a water elemental (7 damage)
             ... in the Dungeon (Sprint III: "The Ten Rune Challenge").
             The game lasted 00:02:26 (278 turns).

greenreed the Chiller (Gnoll Ice Elementalist)       Turns: 278, Time: 00:02:27

Health: -1/34      AC:  9    Str:  7    XL:     4   Next: 4%
Magic:  5/11       EV: 13    Int: 17    God:
Gold:   32         SH:  0    Dex: 12    Spells: 7/14 levels left

rFire   . . .      SeeInvis .   i - +0 dagger
rCold   . . .      Faith    .   (no shield)
rNeg    . . .      Spirit   .   a - +0 robe
rPois   .          Reflect  .   (helmet restricted)
rElec   .          Harm     .   (no cloak)
rCorr   .          Rampage  .   (no gloves)
Will    .....      Clarity  +   (no boots)
Stlth   +++....... NoTele   +   (no amulet)
HPRegen 0.11/turn               (no ring)
MPRegen 0.12/turn               (no ring)

@: ice-armoured, engulfed (cannot breathe), freezing walls
A: fangs 1, strong nose, distributed training, horns 2, talons 1, clarity
a: no special abilities


You were in the Dungeon.
You visited 1 branch You collected 32 gold pieces.

Inventory:

Hand Weapons
 i - a +0 dagger (weapon)
Armour
 a - a +0 robe (worn)
Scrolls
 g - a scroll of blinking
 j - a scroll of immolation {unknown}
 k - 3 scrolls of identify
 m - 2 scrolls of torment {unknown}
Potions
 b - a potion of curing
 c - a potion of heal wounds
 d - a potion of haste
 e - 2 potions of magic
 f - a potion of berserk rage
 h - a potion of lignification {unknown}
 l - 4 potions of mutation
 n - a potion of flight {unknown}


   Skills:
 + Level 2.3 Fighting
 + Level 2.3 Short Blades
 + Level 2.3 Long Blades
 + Level 2.3 Axes
 + Level 2.3 Maces & Flails
 + Level 2.3 Polearms
 + Level 2.3 Staves
 + Level 2.3 Slings
 + Level 2.3 Bows
 + Level 2.3 Crossbows
 + Level 2.3 Throwing
 + Level 2.3 Armour
 + Level 5.2 Dodging
 + Level 4.8 Stealth
 + Level 2.3 Shields
 + Level 2.3 Unarmed Combat
 + Level 5.5 Spellcasting
 + Level 1.9 Conjurations
 + Level 1.9 Hexes
 + Level 1.9 Summonings
 + Level 1.9 Necromancy
 + Level 1.9 Translocations
 + Level 1.9 Transmutations
 + Level 1.9 Fire Magic
 + Level 7.4 Ice Magic
 + Level 1.9 Air Magic
 + Level 1.9 Earth Magic
 + Level 1.9 Poison Magic
 + Level 2.6 Invocations
 + Level 2.3 Evocations


You had 7 spell levels left.
You knew the following spells:

 Your Spells              Type           Power      Damage    Failure   Level
a - Freeze                Ice            100%       1d11      1%          1
b - Frozen Ramparts       Ice            58%        1d7       1%          3
c - Ozocubu's Armour      Ice            29%        N/A       1%          3

Your spell library contained the following spells:

 Spells                   Type           Power      Damage    Failure   Level
 Hailstorm                Conj/Ice       20%        3d6       19%         4


Dungeon Overview and Level Annotations

Branches:
Dungeon (1/1)

Altars:


Innate Abilities, Weirdness & Mutations

You have very sharp teeth.
Your uncanny sense of smell can sniff out nearby items.
Your experience applies equally to all skills.
You have a pair of horns on your head.
You have sharp toenails.
You possess an exceptional clarity of mind.


Message History

l - 5 potions of mutation (gained 1);
l - 6 potions of mutation (gained 1)
You now have 32 gold pieces (gained 15).
Really quaff the potion of mutation?
You feel extremely strange.
You feel clever.
You feel resistant to heat.
Your toenails lengthen and sharpen.
Really quaff the potion of mutation?
You feel extremely strange.
You feel stupid.
You no longer feel heat resistant.
A pair of horns grows on your head!
Your thoughts seem clearer.
The horns on your head grow some more.
There is an open door here.
You open the door.
A water elemental comes into view.
There is an open door to the Ecumenical Temple here.
You see here a human corpse.
Casting: Ozocubu's Armour (safe; 1% risk of failure)
Confirm with . or Enter, or press ? or * to list all spells.
A film of ice covers your body!
Casting: Ozocubu's Armour (safe; 1% risk of failure)
Confirm with . or Enter, or press ? or * to list all spells.
Casting: Frozen Ramparts (safe; 1% risk of failure)
Press: ? - help, Dir - look around, f - activate The walls around you are covered in ice.
The wall freezes the water elemental.
The water elemental hits you!
The water elemental engulfs you in water!
You hit the water elemental but do no damage.
The water elemental is lightly damaged.
Your lungs strain for air!
The wall freezes the water elemental.
The water elemental barely misses you.
You hit the water elemental but do no damage.
The water elemental is lightly damaged.
Your lungs strain for air!
The wall freezes the water elemental.
The water elemental barely misses you.
You hit the water elemental but do no damage.
The water elemental is moderately damaged.
* * * LOW HITPOINT WARNING * * *
Your lungs strain for air!
The wall freezes the water elemental.
The water elemental hits you!
You die...

▓..##.....†.#..#..#∆ ∆
▓##.##.##...#..#..###+#+##
##.##.###..##'#..#.......
▓#.####.##..###...'.⌠.....
▓.###†.##..####...#...####
▓#.....##[.###....#.⌠.#
###†.##...##.....#...#∆
##..##....#E.....#+###
#..###..##@#.....# ∆∆ #..#
#..#####....# ▓▓▓▓ ▓▓▓▓
▓▓▓▓▓▓ ∆


You could see a water elemental.

Vanquished Creatures
  Jessica (D)
  A human (D)
  A wolf (D)
  3 rats (D)
6 creatures vanquished.

Notes
Turn   | Place    | Note
-------+----------+-------------------------------------------
     0 | D        | greenreed the Gnoll Ice Elementalist began the quest for
                  | the Orb.
     0 | D        | Reached XP level 1. HP: 13/13 MP: 6/6
    73 | D        | Noticed Jessica
    95 | D        | Killed Jessica
    96 | D        | Reached skill level 1 in Fighting
    96 | D        | Reached skill level 1 in Short Blades
    96 | D        | Reached skill level 1 in Long Blades
    96 | D        | Reached skill level 1 in Axes
    96 | D        | Reached skill level 1 in Maces & Flails
    96 | D        | Reached skill level 1 in Polearms
    96 | D        | Reached skill level 1 in Staves
    96 | D        | Reached skill level 1 in Slings
    96 | D        | Reached skill level 1 in Bows
    96 | D        | Reached skill level 1 in Crossbows
    96 | D        | Reached skill level 1 in Throwing
    96 | D        | Reached skill level 1 in Armour
    96 | D        | Reached skill level 1 in Shields
    96 | D        | Reached skill level 1 in Unarmed Combat
    96 | D        | Reached skill level 5 in Spellcasting
    96 | D        | Reached skill level 1 in Conjurations
    96 | D        | Reached skill level 1 in Hexes
    96 | D        | Reached skill level 1 in Summonings
    96 | D        | Reached skill level 1 in Necromancy
    96 | D        | Reached skill level 1 in Translocations
    96 | D        | Reached skill level 1 in Transmutations
    96 | D        | Reached skill level 1 in Fire Magic
    96 | D        | Reached skill level 1 in Air Magic
    96 | D        | Reached skill level 1 in Earth Magic
    96 | D        | Reached skill level 1 in Poison Magic
    96 | D        | Reached skill level 1 in Evocations
    96 | D        | Reached XP level 2. HP: 16/22 MP: 5/8
    96 | D        | Reached XP level 3. HP: 20/27 MP: 5/9
   100 | D        | Learned a level 3 spell: Frozen Ramparts
   104 | D        | Learned a level 3 spell: Ozocubu's Armour
   187 | D        | Reached skill level 5 in Dodging
   236 | D        | Reached XP level 4. HP: 34/34 MP: 9/11
   258 | D        | Gained mutation: Your mind is acute. (Int +2) [potion of
                  | mutation]
   258 | D        | Gained mutation: Your flesh is heat resistant. (rF+)
                  | [potion of mutation]
   258 | D        | Gained mutation: You have sharp toenails. [potion of
                  | mutation]
   259 | D        | Lost mutation: Your mind is acute. (Int +2) [potion of
                  | mutation]
   259 | D        | Lost mutation: Your flesh is heat resistant. (rF+) [potion
                  | of mutation]
   259 | D        | Gained mutation: You have a pair of small horns on your
                  | head. [potion of mutation]
   259 | D        | Gained mutation: You possess an exceptional clarity of
                  | mind. [potion of mutation]
   259 | D        | Gained mutation: You have a pair of horns on your head.
                  | [potion of mutation]
   265 | D        | Noticed a water elemental
   278 | D        | Slain by a water elemental

Illustrated notes

Levels and vault maps discovered:
D:        dungeon_sprint_mu [sprint_mu_entry_cave, sprint_mu_temple_rooms,
          sprint_mu_d1_horrors, sprint_mu_d2_genie, sprint_mu_d3_branching,
          sprint_mu_orc_legion, sprint_mu_elf_gauntlet, sprint_mu_hive_nellie,
          sprint_mu_lair_fedhas, sprint_mu_vaults_butterflies,
          sprint_mu_slime_circle, sprint_mu_swamp_cave, sprint_mu_snake_twists,
          sprint_mu_blade_basic, sprint_mu_crypt_fortress,
          sprint_mu_tomb_spiral, sprint_mu_vestibule_basic,
          sprint_mu_gehenna_hellfire, sprint_mu_dis_giant,
          sprint_mu_tartarus_statrot, sprint_mu_cocytus_islands, sprint_mu_zot1]

Skill      XL: |  1  2  3 |
---------------+----------+-----
Fighting       | 1 2 |  2.3
Short Blades   | 1 2 |  2.3
Long Blades    | 1 2 |  2.3
Axes           | 1 2 |  2.3
Maces & Flails | 1 2 |  2.3
Polearms       | 1 2 |  2.3
Staves         | 1 2 |  2.3
Slings         | 1 2 |  2.3
Bows           | 1 2 |  2.3
Crossbows      | 1 2 |  2.3
Throwing       | 1 2 |  2.3
Armour         | 1 2 |  2.3
Shields        | 1 2 |  2.3
Unarmed Combat | 1 2 |  2.3
Spellcasting   | 5 |  5.5
Conjurations   | 1 |  1.9
Hexes          | 1 |  1.9
Summonings     | 1 |  1.9
Necromancy     | 1 |  1.9
Translocations | 1 |  1.9
Transmutations | 1 |  1.9
Fire Magic     | 1 |  1.9
Air Magic      | 1 |  1.9
Earth Magic    | 1 |  1.9
Poison Magic   | 1 |  1.9
Invocations    | 2 |  2.6
Evocations     | 1 2 |  2.3
Dodging        | 5 |  5.2
Stealth        | |  4.8
Ice Magic      | |  7.4

Action                   |  1- 3 |  4- 6 || total
-------------------------+-------+-------++-------
Melee: Dagger            |     9 |     3 ||    12
       Bite              |     2 |       ||     2
 Cast: Freeze            |     7 |       ||     7
       Ozocubu's Armour  |     1 |     1 ||     2
       Frozen Ramparts   |     1 |     1 ||     2
  Use: Potion            |       |     2 ||     2
 Stab: Sleeping          |     1 |       ||     1
Dodge: Dodged            |     8 |     2 ||    10

Table legend: (Time is in decaauts)
 A = Elapsed time spent in this place.
 B = Non-inter-level travel time spent in this place.
 C = Inter-level travel time spent in this place.
 D = Time resting spent in this place.
 E = Time spent auto-exploring this place.
 F = Levels seen in this place.
 G = Mean time per level.
                   A        B        C        D        E       F      G
               +--------+--------+--------+--------+--------+-----+--------+
         Total |    276 |    276 |      0 |      0 |    182 |   1 |  276.0 |
       Dungeon |    276 |    276 |      0 |      0 |    182 |   1 |  276.0 |
               +--------+--------+--------+--------+--------+-----+--------+

Top non-repeatable levels by time:
       D: 276 daAuts
